 Dungeon Crawl Stone Soup version 0.31-a0-656-gb4d89c20fa (webtiles) character file.

Game seed: 691626744505096654

16 mandarbmax the Shooter (level 2, -1/2 HPs)
             Began as a Formicid Hunter on Aug 31, 2023.
             Slain by a kobold
             ... wielding a +0 whip
              (2 damage)
             ... on level 2 of the Dungeon.
             The game lasted 00:01:44 (584 turns).

mandarbmax the Shooter (Formicid Hunter)             Turns: 584, Time: 00:01:46

Health: -1/2       AC:  7    Str: 15    XL:     2   Next: 70%
Magic:  2/2        EV: 12    Int:  8    God:
Gold:   60         SH:  0    Dex: 17    Spells: 1/1 levels left

rFire   . . .        (no weapon)
rCold   . . .        (no shield)
rNeg    + . .        c - melded +0 leather armour
rPois   ∞            (helmet unavailable)
rElec   +            (no cloak)
rCorr   .            h - melded +0 pair of gloves
SInv    +            (boots currently unavailable)
Will    .....        (no amulet)
Stlth   ++           (no ring)
HPRegen 0.20/turn    (no ring)
MPRegen 0.08/turn

%: no passive effects
@: statue-form, very slow
A: slow and powerful, torment resistance 1, reduced hp, permanent stasis, dig
shafts and tunnels, antennae 3, four strong arms
a: Dig, Shaft Self, Begin Untransformation


You were on level 2 of the Dungeon.
You were a living statue of rough stone.
You visited 1 branch of the dungeon, and saw 2 of its levels.

You collected 60 gold pieces.

Inventory:

Hand Weapons
 a - a +0 shortbow
Armour
 c - a +0 leather armour (melded)
 h - a +0 pair of gloves (melded)
Jewellery
 d - a +6 ring of intelligence
Talismans
 k - a granite talisman (active)
Scrolls
 b - a scroll of butterflies
 f - 2 scrolls of noise {unknown}
 g - 2 scrolls of identify {unknown}
 i - a scroll of teleportation {unknown}
 j - a scroll of poison {unknown}
Potions
 e - a potion of mutation {unknown}


   Skills:
 - Level 2.1 Fighting
 - Level 4.4 Ranged Weapons
 - Level 2.0 Dodging
 - Level 1.2 Stealth
 * Level 0.4 Unarmed Combat
 + Level 0.2 Shapeshifting


You had one spell level left.
You didn't know any spells.
Your spell library contained the following spells:

 Spells                   Type           Power      Damage    Failure   Level
 Apportation              Tloc           0%         N/A       41%         1
 Necrotise                Necr           0%         1d4       41%         1
 Summon Small Mammal      Summ           0%         N/A       41%         1


Dungeon Overview and Level Annotations

Branches:
Dungeon (2/15)

Altars:


Innate Abilities, Weirdness & Mutations

You are a living statue of rough stone.
Your actions are slow, but your melee attacks are powerful.
You are resistant to unholy torment.
Your maximum health is decreased, since you lack skill for your form.
Your equipment is partially melded.
You cannot be hasted, slowed, berserked, paralysed or teleported.
You can dig through walls and to a lower floor.
You are immune to poison.
You have a pair of large antennae on your head. (SInv)
Your four strong arms can wield two-handed weapons with a shield.


Message History

You kill the hobgoblin!
You hit the hobgoblin but do no damage.
The hobgoblin hits you but does no damage. x2
You punch the hobgoblin!
You kill the hobgoblin!
You closely miss the hobgoblin. The hobgoblin misses you.
The hobgoblin hits you but does no damage.
You hit the hobgoblin.
The hobgoblin is severely wounded.
The hobgoblin hits you but does no damage.
You hit the hobgoblin.
You kill the hobgoblin!
Things that are here:
a hobgoblin corpse; a frilled lizard corpse
Found an escape hatch in the floor.
Found a robe.
A worm comes into view.
A worm is nearby!
A kobold comes into view. It is wielding a +0 whip.
The kobold shouts!
The kobold throws a stone.
The stone barely misses you.
A dart slug comes into view.
An endoplasm comes into view.
The kobold throws a stone.
The stone hits you.
Ouch! That really hurt!
The kobold throws a stone.
The stone hits you but does no damage.
You closely miss the kobold. The kobold hits you but does no damage.
You hit the kobold.
The kobold is moderately wounded.
The kobold closely misses you. The kobold hits you but does no damage.
You miss the kobold.
The kobold is moderately wounded.
The kobold hits you but does no damage.
You barely miss the kobold.
The kobold is moderately wounded.
The kobold hits you with a +0 whip.
Ouch! That really hurt!
The kobold hits you with a +0 whip.
Ouch! That really hurt!
You die...

#.##.⌠...⌠.
############.##.......
..................>...
.....?....#J..........
.##.{.###....##.⌠...⌠.
#[.# #.#.## ......#
#{.# #..w# >#.⌠.## #{J
#..#K# #.# ##, #...#8#
.# .....#.# #..##.#.#
### #.#.# ..#.# #.#.#
..# ..#


You could see a worm, an endoplasm (wandering) and a kobold.

Vanquished Creatures
  An endoplasm (D:1)
  2 goblins (D:1)
  6 hobgoblins
  A quokka (D:1)
  2 frilled lizards
  A rat (D:1)
13 creatures vanquished.

Notes
Turn   | Place    | Note
-------+----------+-------------------------------------------
     0 | D:1      | mandarbmax the Formicid Hunter began the quest for the Orb.
     0 | D:1      | Reached XP level 1. HP: 16/16 MP: 1/1
   194 | D:1      | Reached XP level 2. HP: 22/22 MP: 2/2
   584 | D:2      | Slain by a kobold

Illustrated notes

Levels and vault maps discovered:
D:1:      beargit_arrival_greenhouse, layout_basic
D:2:      layout_loops_ring, hellmonk_ecumenical_altar_watching_god,
          grunt_ministairs_2, kennysheep_cluttered_room,
          nicolae_shop_unique_rings, minmay_cupped

Skill      XL: |  1 |
---------------+----+-----
Dodging        | 2 |  2.0
Fighting       | |  2.1
Ranged Weapons | |  4.4
Stealth        | |  1.2
Unarmed Combat | |  0.4
Shapeshifting  | |  0.2

Action                     || total
---------------------------++-------
  Melee: Unarmed           ||    11
   Fire: Shortbow          ||    14
 Armour: Skin              ||     8
  Dodge: Dodged            ||     3
   Form: Statue            ||     1

Table legend: (Time is in decaauts)
 A = Elapsed time spent in this place.
 B = Non-inter-level travel time spent in this place.
 C = Inter-level travel time spent in this place.
 D = Time resting spent in this place.
 E = Time spent auto-exploring this place.
 F = Levels seen in this place.
 G = Mean time per level.
                   A        B        C        D        E       F      G
               +--------+--------+--------+--------+--------+-----+--------+
         Total |    622 |    595 |     27 |      0 |    491 |   2 |  311.0 |
       Dungeon |    622 |    595 |     27 |      0 |    491 |   2 |  311.0 |
               +--------+--------+--------+--------+--------+-----+--------+

Top non-repeatable levels by time:
     D:1: 520 daAuts
     D:2: 101 daAuts
